 Dungeon Crawl Stone Soup version 0.28-a0-1447-ga5a8893891 (webtiles) character file.

Game seed: 11822072873058397480

132 oldriver the Skirmisher (level 5, 0/36 (42) HPs)
             Began as a Formicid Chaos Knight on Jan 11, 2022.
             Was a Plaything of Xom.
             Slain by an ufetubus (1 damage)
             ... on level 4 of the Dungeon.
             The game lasted 00:02:28 (3179 turns).

oldriver the Skirmisher (Formicid Chaos Knight)     Turns: 3179, Time: 00:02:30

HP:   0/36 (42)     AC:  7    Str: 16    XL:     5   Next: 38%
MP:   5/5           EV: 12    Int: 10    God:    Xom [.*....]
Gold: 75            SH:  0    Dex: 12    Spells: 4/4 levels left

rFire   + . .      SeeInvis +   a - +1 hand axe (chaos)
rCold   . . .      Faith    .   (no shield)
rNeg    . . .      Spirit   .   b - +2 leather armour
rPois   .          Reflect  .   (helmet unavailable)
rElec   .          Harm     .   (no cloak)
rCorr   .          Rampage  .   (no gloves)
Will    .....      Clarity  +   (no boots)
Stlth   +.........              (no amulet)
HPRegen 0.12/turn               (no ring)
MPRegen 0.09/turn               (no ring)

@: attractive, heavily drained
A: permanent stasis, dig shafts and tunnels, antennae 3, four strong arms, beak,
iridescent scales 1, agile 1, clarity, dopey 1, fire resistance 1, weak 1
a: Dig, Shaft Self, Renounce Religion


You were on level 4 of the Dungeon.
You worshipped Xom.
You were a plaything of Xom.
You visited 1 branch of the dungeon, and saw 4 of its levels.

You collected 75 gold pieces.

Inventory:

Hand Weapons
 a - a +1 hand axe of chaos (weapon)
Armour
 b - a +2 leather armour (worn)
 i - a +1 robe of positive energy
Jewellery
 c - a ring of fire
Wands
 j - a wand of digging (7)
 l - a wand of iceblast (8)
Scrolls
 e - a scroll of noise
 m - 2 scrolls of teleportation {unknown}
Potions
 d - 3 potions of curing
 f - 2 potions of cancellation {unknown}
 g - a potion of haste
 k - 2 potions of berserk rage {unknown}


   Skills:
 + Level 4.1 Fighting
 + Level 3.8 Axes
 + Level 3.3 Armour
 + Level 2.2 Dodging


You had 4 spell levels left.
You didn't know any spells.
Your spell library contained the following spells:

 Spells                   Type           Power      Damage    Failure   Level
 Corpse Rot               Necr/Air       0%         N/A       56%         2
 Poisonous Vapours        Pois/Air       0%         N/A       56%         2
 Conjure Flame            Conj/Fire      0%         6-21      80%         3
 Ignite Poison            Fire/Tmut/Pois 0%         N/A       80%         3
 Sticky Flame             Conj/Fire      0%         2d3       99%         4


Dungeon Overview and Level Annotations

Branches:
Dungeon (4/15)
 Temple: D:4-7

Altars:

Shops:
D:3 (

Annotations:
D:4 Blork the orc


Innate Abilities, Weirdness & Mutations

You cannot be hasted, slowed, berserked, paralysed or teleported.
You can dig through walls and to a lower floor.
You have a pair of large antennae on your head. (SInv)
Your four strong arms can wield two-handed weapons with a shield.
You have a beak for a mouth.
You are partially covered in iridescent scales. (AC +2)
You are agile. (Dex +2)
You possess an exceptional clarity of mind.
You are dopey. (Int -2)
Your flesh is heat resistant. (rF+)
You are weak. (Str -2)


Message History

Unknown command.
It was a potion of haste.
Your stasis prevents you from being hasted.
Xom thinks this is hilarious!
The ufetubus hits you but does no damage.
The ufetubus closely misses you.
Blork the orc zaps a wand.
You resist with some effort.
It was a potion of attraction.
You feel attractive to monsters. The ufetubus closely misses you.
The ufetubus hits you.
* * * LOW HITPOINT WARNING * * *
The ufetubus hits you but does no damage.
The ufetubus barely misses you.
Blork the orc hits you with a +0 hand axe!
* * * LOW HITPOINT WARNING * * *
You closely miss Blork the orc.
Blork the orc is severely wounded.
You miss the ufetubus.
You are now a plaything of Xom.
The ufetubus hits you but does no damage.
The ufetubus misses you.
Blork the orc sings a few bars from the Orcish anthem.
Blork the orc closely misses you. The ufetubus barely misses you.
The ufetubus hits you but does no damage.
You hit Blork the orc.
Blork the orc is poisoned.
Blork the orc is severely wounded.
You barely miss the ufetubus. The ufetubus closely misses you.
The ufetubus hits you.
* * * LOW HITPOINT WARNING * * *
Blork the orc zaps a wand.
You resist with some effort.
Unknown command.
You hit Blork the orc.
Blork the orc looks as sick as possible!
Blork the orc is almost dead.
You hit the ufetubus but do no damage.
The ufetubus hits you but does no damage.
The ufetubus misses you. Blork the orc closely misses you.
The ufetubus closely misses you. The ufetubus hits you.
You die... "I guess I need a new plaything now."

##.# #...###
.....#. #..(...
....... #....##
#...o5# #@#
..............#
###..##.#####.#
.... #.# ###
#.# #.# #.# #.#


You could see Blork the orc (extremely poisoned) and an ufetubus.

Vanquished Creatures
  Ijyb (D:3)
  A killer bee zombie (D:3)
  3 adders
  2 dart slugs
  An orc (D:3)
  9 endoplasms
  3 giant cockroaches
  5 goblins
  5 hobgoblins
  4 jackals (D:1)
  A kobold (D:1)
  6 ball pythons
  5 bats
  A frilled lizard (D:2)
  3 rats
50 creatures vanquished.

Vanquished Creatures (others)
  A plant (D:2)
1 creature vanquished.

Grand Total: 51 creatures vanquished

Notes
Turn   | Place    | Note
-------+----------+-------------------------------------------
     0 | D:1      | oldriver the Formicid Chaos Knight began the quest for the
                  | Orb.
     0 | D:1      | Reached XP level 1. HP: 18/18 MP: 1/1
    29 | D:1      | Reached skill level 1 in Dodging
    79 | D:1      | XOM: silly message
   116 | D:1      | XOM: silly message
   170 | D:1      | Reached XP level 2. HP: 24/24 MP: 2/2
   522 | D:1      | Reached XP level 3. HP: 25/29 MP: 3/3
   844 | D:1      | Found a faded altar of an unknown god.
   883 | D:2      | XOM: give mutations
   883 | D:2      | Gained mutation: Your flesh is heat resistant. (rF+) [Xom's
                  | grace]
   883 | D:2      | Gained mutation: You have a beak for a mouth. [Xom's grace]
   883 | D:2      | Gained mutation: You have sharp toenails. [Xom's grace]
  1457 | D:2      | XOM: enchant monster (good)
  1518 | D:2      | Reached XP level 4. HP: 37/37 MP: 4/4
  1786 | D:3      | Noticed Natasha
  1790 | D:3      | Noticed Natasha
  1790 | D:3      | Natasha changed into Natasha the shapeshifter
  1790 | D:3      | XOM: polymorph Natasha -> Natasha the shapeshifter
  1790 | D:3      | Noticed Natasha
  1790 | D:3      | Natasha the shapeshifter changed into Natasha the wind
                  | drake
  1799 | D:3      | XOM: cleaving
  2022 | D:2      | XOM: confuse monster(s)
  2023 | D:2      | Noticed Natasha
  2023 | D:2      | Natasha the wind drake changed into Natasha the raiju
  2212 | D:3      | Noticed Ijyb
  2222 | D:3      | Killed Ijyb
  2305 | D:3      | Reached skill level 4 in Fighting
  2316 | D:3      | Reached XP level 5. HP: 41/42 MP: 5/5
  2511 | D:3      | XOM: give mutations
  2511 | D:3      | Lost mutation: You have sharp toenails. [Xom's mischief]
  2511 | D:3      | Gained mutation: You are dopey. (Int -2) [Xom's mischief]
  2511 | D:3      | Gained mutation: You are agile. (Dex +2) [Xom's mischief]
  2511 | D:3      | Gained mutation: You are weak. (Str -2) [Xom's mischief]
  2591 | D:3      | XOM: give mutations
  2591 | D:3      | Gained mutation: You possess an exceptional clarity of
                  | mind. [Xom's grace]
  2591 | D:3      | Gained mutation: You are partially covered in iridescent
                  | scales. (AC +2) [Xom's grace]
  2603 | D:3      | Found Wymell's Weapon Shop.
  2844 | D:3      | XOM: draining
  2990 | D:3      | XOM: noise
  3155 | D:3      | XOM is BORED!
  3155 | D:3      | XOM: summons 3 hostile demons
  3170 | D:4      | Noticed Blork the orc
  3176 | D:4      | HP: 1/36 [Blork the orc (7)]
  3179 | D:4      | Slain by an ufetubus

Illustrated notes

Levels and vault maps discovered:
D:1:      tarquinn_simple_flora_water_a, layout_loops_cross,
          hellmonk_ecumenical_altar_leap_of_faith,
          chequers_serial_rivers_small_b
D:2:      layout_loops_ring, serial_forest, infiniplex_forest_end_3,
          infiniplex_forest_lined_2, infiniplex_forest_corner_2,
          infiniplex_forest_lined_2, infiniplex_forest_lined_room_2,
          infiniplex_forest_clump_large, infiniplex_forest_zigzag_1,
          minmay_ruptured
D:3:      layout_loops_ring, serial_aquarium, aquarium_bridge_long_separate
          [aquarium_subvault_bridge, aquarium_subvault_balcony,
          aquarium_subvault_bridge, aquarium_subvault_bridge,
          aquarium_subvault_window, aquarium_subvault_bridge],
          aquarium_window_1, aquarium_window_1, aquarium_window_corridor_1,
          aquarium_window_fake, aquarium_view_2c, aquarium_balcony_3b,
          aquarium_pool_1, serial_shops, shop, kennysheep_another_room,
          amcnicky_mini_pool_small, grunt_decor_resistance, uniq_ijyb,
          uniq_natasha
D:4:      layout_loops_ring, uniq_blork_the_orc, uniq_robin

Skill      XL: |  1  2  3  4 |
---------------+-------------+-----
Dodging        | 1 2 |  2.2
Armour         | 3 |  3.3
Fighting       | 4 |  4.1
Axes           | |  3.8

Action                   |  1- 3 |  4- 6 || total
-------------------------+-------+-------++-------
Melee: Hand axe          |    72 |    67 ||   139
       Kick              |     4 |     9 ||    13
       Peck              |     2 |    10 ||    12
       Punch             |       |     1 ||     1
  Use: Scroll            |       |     4 ||     4
       Potion            |       |     2 ||     2
 Stab: Paralysed         |     1 |     2 ||     3
Armor: Leather armour    |    24 |    22 ||    46
Dodge: Dodged            |    48 |    39 ||    87

Table legend: (Time is in decaauts)
 A = Elapsed time spent in this place.
 B = Non-inter-level travel time spent in this place.
 C = Inter-level travel time spent in this place.
 D = Time resting spent in this place.
 E = Time spent auto-exploring this place.
 F = Levels seen in this place.
 G = Mean time per level.
                   A        B        C        D        E       F      G
               +--------+--------+--------+--------+--------+-----+--------+
         Total |   3200 |   3098 |    102 |    212 |   2483 |   4 |  800.0 |
       Dungeon |   3200 |   3098 |    102 |    212 |   2483 |   4 |  800.0 |
               +--------+--------+--------+--------+--------+-----+--------+

Top non-repeatable levels by time:
     D:2: 1167 daAuts
     D:3: 1128 daAuts
     D:1: 895 daAuts
     D:4: 9 daAuts
